 Dungeon Crawl Stone Soup version 0.27-a0-1081-ge8a0a9c698 (webtiles) character file.

Game seed: 10418178533207794679

9277 1player the Nimble (level 11, 0/63 HPs)
             Began as a Deep Elf Conjurer on Apr 25, 2021.
             Was a Priest of Vehumet.
             Slain by a seven-headed hydra (9 damage)
             ... on level 1 of the Lair of Beasts.
             The game lasted 00:41:25 (14902 turns).

1player the Nimble (Deep Elf Conjurer)             Turns: 14902, Time: 00:41:26

Health: 0/63       AC:  8    Str:  4    XL:     11   Next: 20%
Magic:  17/17      EV: 15    Int: 26    God:    Vehumet [***...]
Gold:   564        SH:  5    Dex: 14    Spells: 3/16 levels left

rFire    . . .     SeeInvis +   a - staff of conjuration
rCold    . . .     Faith    .   e - +0 buckler
rNeg     . . .     Spirit   .   O - +0 troll leather armour
rPois    .         Reflect  .   i - +0 helmet
rElec    .         Harm     .   G - +0 cloak
rCorr    .         Rampage  .   B - +0 pair of gloves
Will     +....                  M - +0 pair of boots
Stlth    ++++......             (no amulet)
HPRegen  1.20/turn              I - ring of see invisible
MPRegen  0.15/turn              (no ring)

@: mighty, studying Transmutations
A: no striking features
a: Renounce Religion


You were on level 1 of the Lair of Beasts.
You worshipped Vehumet.
Vehumet was most pleased with you.
You visited 2 branches of the dungeon, and saw 12 of its levels.

You collected 564 gold pieces.

Inventory:

Hand Weapons
 b - a +3 dagger of venom
Missiles
 m - 62 poisoned darts (quivered)
 q - 7 javelins
 r - 2 throwing nets
 D - 11 boomerangs
Armour
 e - a +0 buckler (worn)
 i - a +0 helmet (worn)
 y - a +2 robe of fire resistance
 B - a +0 pair of gloves (worn)
 G - a +0 cloak (worn)
 M - a +0 pair of boots (worn)
 O - a +0 troll leather armour (worn)
Magical Staves
 a - a staff of conjuration (weapon)
 U - a staff of cold
Jewellery
 I - a ring of see invisible (left hand)
 T - a ring of ice
Wands
 p - a wand of flame (26)
 z - a wand of digging (5)
 H - a wand of acid (10)
 N - a wand of iceblast (11)
 R - a wand of polymorph (9)
Scrolls
 d - a scroll of brand weapon
 n - 2 scrolls of magic mapping
 Q - a scroll of teleportation
Potions
 g - 2 potions of flight {unknown}
 j - a potion of degeneration {unknown}
 l - 3 potions of curing {@q1}
 o - 2 potions of might
 v - a potion of lignification {unknown}
 w - 6 potions of attraction
 C - 3 potions of magic
 F - a potion of haste {unknown}
 J - a potion of berserk rage
 K - a potion of mutation {unknown}
 P - a potion of brilliance {unknown}


   Skills:
 - Level 5.1 Fighting
 - Level 4.0 Throwing
 - Level 9.4 Dodging
 - Level 8.0 Stealth
 - Level 4.0 Shields
 - Level 3.0 Spellcasting
 - Level 8.7 Conjurations
 - Level 8.6 Hexes
 - Level 3.0 Translocations
 + Level 3.2 Ice Magic
 - Level 3.8 Invocations
 - Level 3.2 Evocations


You had 3 spell levels left.
You knew the following spells:

 Your Spells              Type           Power      Damage    Failure   Level
a - Fulminant Prism       Conj/Hex       32%        3d16      1%          4
q - Magic Dart            Conj           100%       1d8       1%          1
s - Inner Flame           Hex/Fire       26%        N/A       2%          3
x - Conjure Flame         Conj/Fire      39%        6-21      2%          3
z - Searing Ray           Conj           100%       3d7       1%          2

Your spell library contained the following spells:

 Spells                   Type           Power      Damage    Failure   Level
 Dazzling Flash           Conj/Hex       100%       N/A       1%          3
 Animate Skeleton         Necr           6%         N/A       17%         1
 Pain                     Necr           12%        1d4       17%         1
 Vampiric Draining        Necr           1%         2d6       45%         3
 Iskenderun's Mystic Bla  Conj/Tloc      51%        2d11      4%          4
 Ice Form                 Ice/Tmut       12%        N/A       65%         4
 Summon Ice Beast         Ice/Summ       12%        N/A       65%         4
 Freezing Cloud           Conj/Ice/Air   18%        6-21      75%         6
 Animate Dead             Necr           1%         N/A       86%         4
 Agony                    Necr           3%         N/A       99%         5
 Simulacrum               Ice/Necr       6%         N/A       100%        6
 Ozocubu's Refrigeration  Ice            10%        4d7       100%        7


Dungeon Overview and Level Annotations

Branches:
Dungeon (11/15)            Temple (0/1) D:4            Lair (1/6) D:11
    Orc (0/2) D:10

Altars:
Cheibriados
Elyvilon
Vehumet
Yredelemnul

Annotations:
D:4 3 runed translucent doors, ma3's ghost, amateur OpTm
D:7 1 runed translucent door, Anon1729's ghost, novice DsMo; Dowan; Duvessa
D:10 exclusion: wizard, Urug


Message History

Press: ? - help, Shift-Dir - straight line, f - bullfrog
Aim: a bullfrog (79% to hit)
You feel a surge of power!
The searing ray hits the bullfrog!
The bullfrog is heavily wounded. (Press . to maintain the ray.)
The bullfrog closely misses you. You block the bullfrog's attack.
The searing ray hits the bullfrog!
You kill the bullfrog!
Vehumet accepts your kill.
You feel your power returning.
You start resting.
HP restored.
Magic restored.
Okay, then.
Your +3 dagger of venom begins to drip with poison!
b - a +3 dagger of venom (weapon)
Your +3 dagger of venom stops dripping with poison.
a - a staff of conjuration (weapon)
Okay, then.
Okay, then.
You feel very mighty all of a sudden.
You climb downwards.
Welcome back to the Lair of Beasts!
The yak gores you! The seven-headed hydra bites you.
The seven-headed hydra bites you!
The seven-headed hydra bites you. x2; The seven-headed hydra bites you!
The seven-headed hydra barely misses you.
The seven-headed hydra bites you but does no damage.
The yak barely misses you. The yak gores you.
* * * LOW HITPOINT WARNING * * *
There is a staircase back to the Dungeon, spattered with blood here.
Okay, then.
Okay, then.
Okay, then.
The yak gores you!
* * * LOW HITPOINT WARNING * * *
A water moccasin comes into view.
You feel better. The seven-headed hydra bites you.
* * * LOW HITPOINT WARNING * * *
The seven-headed hydra closely misses you. x2
The seven-headed hydra bites you but does no damage.
The seven-headed hydra bites you!
You die...

.. .. #.##.##
......##
....... #....#
....# #..# #@#
## #D##
#..##YY#
###...YY####
........Y†..#
#P####...†...#
##S....†.#
..........
#........#.


You could see a seven-headed hydra, 5 yaks and a water moccasin.

Vanquished Creatures
  A two-headed ogre (D:9)
  Pikel (D:6)
  A deep elf pyromancer (D:9)
  A gargoyle (D:11)
  A kobold demonologist (D:11)
  A rime drake (D:11)
  A polar bear (D:11)
  2 trolls
  A shadow (D:10)
  A water elemental (D:11)
  A wyvern (D:9)
  9 yaks
  2 wargs (D:10)
  Edmund (D:6)
  2 water moccasins (D:7)
  3 ice beasts
  6 orc warriors
  A necrophage (D:5)
  3 centaurs (D:8)
  3 wolves (D:11)
  4 lemures (D:6)
  2 phantoms
  2 bullfrogs
  A gnoll sergeant (D:7)
  A wyvern zombie (D:4)
  A scorpion (D:6)
  2 wyvern skeletons (D:6)
  9 killer bees
  6 wights
  6 howler monkeys
  2 electric eels
  A centaur zombie (D:8)
  A jelly (D:5)
  3 hounds (D:11)
  8 orc priests
  A centaur skeleton (D:7)
  2 iguanas (D:5)
  A bullfrog skeleton (D:4)
  3 hell rats (D:8)
  5 orc wizards
  2 killer bee zombies
  Robin (D:2)
  8 gnolls
  A howler monkey skeleton (D:6)
  5 adders
  4 river rats (D:8)
  2 shadow imps
  3 adder skeletons (D:4)
  2 worms
  4 dart slugs
  39 orcs
  9 endoplasms
  5 giant cockroaches
  16 goblins
  10 hobgoblins
  5 jackals
  3 quokkas (D:1)
  6 ball pythons
  3 bats
  A frilled lizard (D:3)
  5 kobolds
  17 rats
254 creatures vanquished.

Vanquished Creatures (others)
  4 fulminant prisms
  17 plants
21 creatures vanquished.

Grand Total: 275 creatures vanquished

Notes
Turn   | Place    | Note
-------+----------+-------------------------------------------
     0 | D:1      | 1player the Deep Elf Conjurer began the quest for the Orb.
     0 | D:1      | Reached XP level 1. HP: 10/10 MP: 6/6
   201 | D:1      | Reached XP level 2. HP: 16/16 MP: 4/8
   236 | D:1      | You fall into a shaft and drop 1 floor!
   241 | D:2      | Reached skill level 1 in Fighting
   241 | D:2      | Reached skill level 3 in Dodging
   434 | D:1      | Reached XP level 3. HP: 20/20 MP: 5/9
   444 | D:1      | Learned a level 2 spell: Searing Ray
   671 | D:1      | Found a faded altar of an unknown god.
  1160 | D:2      | Reached skill level 1 in Shields
  1244 | D:2      | Noticed Robin
  1466 | D:2      | Killed Robin
  1467 | D:2      | Reached XP level 4. HP: 26/26 MP: 2/10
  2531 | D:3      | Reached XP level 5. HP: 31/31 MP: 6/11
  3117 | D:4      | Found a runed translucent gate.
  3118 | D:4      | Found a runed translucent gate.
  3119 | D:4      | Found a runed translucent gate.
  3120 | D:4      | Noticed ma3's ghost (amateur OpTm)
  3258 | D:4      | Found a basalt altar of Yredelemnul.
  3272 | D:4      | Noticed an ice beast
  3305 | D:4      | Killed an ice beast
  3306 | D:4      | Reached XP level 6. HP: 37/37 MP: 4/12
  3628 | D:4      | Found a radiant altar of Vehumet.
  3636 | D:4      | Became a worshipper of Vehumet
  3646 | D:4      | Found a snail-covered altar of Cheibriados.
  4001 | D:4      | Found a staircase to the Ecumenical Temple.
  4695 | D:5      | Entered Level 5 of the Dungeon
  4842 | D:5      | Reached skill level 1 in Hexes
  4842 | D:5      | Reached XP level 7. HP: 43/43 MP: 8/13
  5036 | D:5      | Reached skill level 5 in Conjurations
  5833 | D:6      | Noticed Edmund
  5851 | D:6      | HP: 2/64 [Edmund/+2 flail of protection (5)]
  5855 | D:6      | Killed Edmund
  5855 | D:6      | Reached * piety under Vehumet
  5855 | D:6      | Offered knowledge of Foxfire by Vehumet.
  6141 | D:6      | Reached XP level 8. HP: 41/48 MP: 7/14
  6410 | D:6      | Reached skill level 5 in Hexes
  6431 | D:6      | Noticed Pikel
  6448 | D:6      | Killed Pikel
  6770 | D:6      | Learned a level 4 spell: Fulminant Prism
  7391 | D:7      | Noticed Duvessa
  7391 | D:7      | Noticed Dowan
  7589 | D:7      | Reached XP level 9. HP: 52/52 MP: 8/15
  8694 | D:7      | Found a runed translucent door.
  8694 | D:7      | Noticed Anon1729's ghost (novice DsMo)
  8930 | D:8      | Reached skill level 1 in Throwing
  8930 | D:8      | Reached skill level 4 in Dodging
  9235 | D:8      | Reached skill level 5 in Dodging
  9581 | D:8      | Reached ** piety under Vehumet
  9601 | D:8      | Offered knowledge of Freeze by Vehumet.
  9752 | D:8      | Found the +2 ratskin cloak {*Rats rPois rN+ Str-1 Int-1
                  | Dex+1}
  9907 | D:8      | Reached skill level 5 in Stealth
 10432 | D:9      | Noticed a two-headed ogre
 10648 | D:9      | Reached skill level 6 in Dodging
 10805 | D:9      | Noticed a deep elf pyromancer
 10816 | D:9      | Noticed a two-headed ogre
 11045 | D:9      | Found a white marble altar of Elyvilon.
 11256 | D:9      | Killed a two-headed ogre
 11257 | D:9      | Reached XP level 10. HP: 12/56 MP: 16/16
 11514 | D:9      | Killed a deep elf pyromancer
 11515 | D:9      | Reached skill level 7 in Dodging
 11781 | D:10     | Entered Level 10 of the Dungeon
 11863 | D:10     | Offered knowledge of Conjure Flame by Vehumet.
 11948 | D:10     | Reached skill level 1 in Invocations
 12015 | D:10     | Noticed Urug
 12296 | D:10     | Reached *** piety under Vehumet
 12602 | D:10     | Found a staircase to the Orcish Mines.
 12712 | D:10     | Noticed a wizard
 13376 | D:11     | Learned a level 3 spell: Conjure Flame
 13457 | D:11     | Found a staircase to the Lair.
 13484 | D:11     | Reached skill level 8 in Dodging
 13548 | D:11     | Noticed a gargoyle
 13694 | D:11     | Killed a gargoyle
 13695 | D:11     | Reached skill level 5 in Fighting
 13848 | D:11     | Found the +8 orange crystal plate armour {Archmagi, Int+3
                  | Clar}
 13870 | D:11     | Offered knowledge of Inner Flame by Vehumet.
 13871 | D:11     | Reached skill level 1 in Evocations
 13925 | D:11     | Learned a level 3 spell: Inner Flame
 13977 | D:11     | Noticed a frost giant
 13978 | D:11     | Found the +8 frozen axe "Frostbite" {freezing cloud, *Noise
                  | Fly rC+}
 14022 | D:11     | Identified the +1 ring mail of the Beginning {-Tele rC++
                  | Stlth+}
 14224 | D:11     | Reached skill level 9 in Dodging
 14228 | D:11     | Reached XP level 11. HP: 63/63 MP: 3/17
 14876 | Lair:1   | Entered Level 1 of the Lair of Beasts
 14879 | Lair:1   | Noticed a seven-headed hydra
 14902 | Lair:1   | Slain by a seven-headed hydra

Illustrated notes

Levels and vault maps discovered:
D:1:      saegor_arrival_simple_d, layout_rooms,
          hellmonk_ecumenical_altar_zigzags
D:2:      layout_rooms, uniq_crazy_yiuf_cottage, uniq_robin
D:3:      layout_loops_ring, minmay_goblin_outpost
D:4:      layout_basic, vehumet_altar_wand_db,
          chequers_temple_overflow_statue_of_worship, temple_statues,
          gammafunk_ghost_necromancy
D:5:      layout_cave_pods, minmay_misc_feat_iff
D:6:      layout_loops_ring, minmay_manual_mail, uniq_edmund, uniq_pikel
D:7:      layout_basic, gammafunk_ghost_grave, uniq_duvessa
D:8:      wander_guarded_unrand_ratskin, layout_basic
D:9:      layout_loops_ring, nicolae_elyvilon_temple_path, minivault_20
D:10:     layout_stronghold, erik_orc_4, laboratory, uniq_snorg, uniq_urug
D:11:     minmay_coctagon, layout_irregular_city, erik_lair_island
Lair:1:   layout_loops_ring, minmay_stone_trees_small,
          cheibrodos_lair_lostbears, grunt_megastairs_4, lemuel_fruit_tree,
          uniq_maggie

Skill      XL: |  1  2  3  4  5  6  7  8  9 10 11 |
---------------+----------------------------------+-----
Fighting       | 1 2 3 4 5 |  5.1
Dodging        | 3 6 9 |  9.4
Shields        | 1 2 3 4 |  4.0
Hexes          | 1 4 8 |  8.6
Conjurations   | 6 8 |  8.7
Throwing       | 4 |  4.0
Stealth        | 6 8 |  8.0
Translocations | 2 3 |  3.0
Invocations    | 3 |  3.8
Evocations     | 2 3 |  3.2
Ice Magic      | 3 |  3.2
Spellcasting   | |  3.0

Action                   |  1- 3 |  4- 6 |  7- 9 | 10-12 || total
-------------------------+-------+-------+-------+-------++-------
Melee: Flail             |       |    13 |       |       ||    13
       Dagger            |       |       |    35 |       ||    35
Throw: Dart              |       |       |     3 |     1 ||     4
 Cast: Magic Dart        |    65 |    73 |    78 |    62 ||   278
       Searing Ray       |     7 |    26 |    76 |    44 ||   153
       Fulminant Prism   |       |       |     2 |     2 ||     4
       Conjure Flame     |       |       |       |     2 ||     2
Evoke: Wand              |       |       |    15 |     7 ||    22
  Use: Scroll            |       |     3 |     9 |     4 ||    16
       Potion            |       |     2 |     6 |     3 ||    11
 Stab: Sleeping          |       |       |     2 |       ||     2
Armor: Robe              |     2 |     6 |    17 |     2 ||    27
       Troll leather arm |       |       |       |    20 ||    20
Dodge: Dodged            |     6 |    14 |    61 |    65 ||   146
Block: Buckler           |     1 |     3 |    22 |    25 ||    51

Table legend: (Time is in decaauts)
 A = Elapsed time spent in this place.
 B = Non-inter-level travel time spent in this place.
 C = Inter-level travel time spent in this place.
 D = Time resting spent in this place.
 E = Time spent auto-exploring this place.
 F = Levels seen in this place.
 G = Mean time per level.
                   A        B        C        D        E       F      G
               +--------+--------+--------+--------+--------+-----+--------+
         Total |  14931 |  14476 |    455 |   6176 |   5649 |  12 | 1244.2 |
       Dungeon |  14918 |  14463 |    455 |   6176 |   5649 |  11 | 1356.2 |
          Lair |     13 |     13 |      0 |      0 |      0 |   1 |   13.0 |
               +--------+--------+--------+--------+--------+-----+--------+

Top non-repeatable levels by time:
     D:6: 1883 daAuts
    D:10: 1679 daAuts
     D:8: 1631 daAuts
     D:4: 1595 daAuts
    D:11: 1431 daAuts
     D:9: 1346 daAuts
     D:5: 1251 daAuts
     D:2: 1115 daAuts
     D:1: 1036 daAuts
     D:7: 984 daAuts
     D:3: 963 daAuts
  Lair:1: 13 daAuts
